 Dungeon Crawl Stone Soup version 0.30.0-19-g36f170ea60 (webtiles) character file.

Game seed: 108870141229410281

14 monsoonserge the Caller (level 2, 0/11 HPs)
             Began as a Felid Summoner on May 31, 2023.
             Slain by an adder (3 damage)
             ... on level 2 of the Dungeon.
             The game lasted 00:01:51 (940 turns).

monsoonserge the Caller (Felid Summoner)             Turns: 940, Time: 00:01:52

Health: 0/11       AC:  1    Str:  4    XL:     2   Next: 27%
Magic:  6/6        EV: 17    Int: 16    God:
Gold:   47         SH:  0    Dex: 16    Spells: 4/5 levels left
                                        Lives:  0   Deaths: 0

rFire   . . .        (weapon unavailable)
rCold   . . .        (shield unavailable)
rNeg    . . .        (body armour unavailable)
rPois   .            (helmet unavailable)
rElec   .            (cloak unavailable)
rCorr   .            (gloves unavailable)
SInv    +            (boots unavailable)
Will    .....        h - amulet of magic regeneration
Stlth   ++           (no ring)
HPRegen 0.21/turn    (no ring)
MPRegen 0.50/turn

%: no passive effects
@: lethally poisoned (0 -> -3), quick
A: very small, claws 1, fangs 3, see invisible, speed 1, shaggy fur 1, stealthy
paws, no weapons or thrown items, no armour, multi-lived
a: no special abilities


You were on level 2 of the Dungeon.
You visited 1 branch of the dungeon, and saw 2 of its levels.

You collected 47 gold pieces.

Inventory:

Jewellery
 h - an amulet of magic regeneration (around neck)
Scrolls
 b - a scroll of brand weapon {unknown}
 c - a scroll of identify {unknown}
 d - a scroll of immolation {unknown}
 f - a scroll of fog {unknown}
Potions
 a - a potion of magic
 e - 3 potions of curing
 g - a potion of heal wounds {unknown}


   Skills:
 + Level 2.7 Dodging
 + Level 2.9 Stealth
 * Level 0.4 Unarmed Combat
 - Level 2.0 Spellcasting
 + Level 4.4 Summonings


You had 4 spell levels left.
You knew the following spells:

 Your Spells              Type           Power      Damage    Failure   Level
a - Summon Small Mammal   Summ           60%        N/A       3%          1

Your spell library contained the following spells:

 Spells                   Type           Power      Damage    Failure   Level
 Call Imp                 Summ           30%        N/A       4%          2
 Call Canine Familiar     Summ           15%        N/A       10%         3
 Summon Guardian Golem    Hex/Summ       8%         N/A       26%         3
 Summon Lightning Spire   Summ/Air       8%         N/A       63%         4


Dungeon Overview and Level Annotations

Branches:
Dungeon (2/15)

Altars:


Innate Abilities, Weirdness & Mutations

You have sharp claws.
You have razor-sharp teeth.
You have supernaturally acute eyesight. (SInv)
You cover ground quickly. (Speed+)
You are covered in fur. (AC +1)
Your paws help you pounce on unaware monsters.
You are incapable of wielding weapons or throwing items.
You cannot wear armour.
You gain extra lives every three experience levels.


Message History

The adder is lightly wounded.
Your bat hits the adder but does no damage.
The adder closely misses you. The adder misses you.
Your rat closely misses the adder.
You scratch the adder.
The adder is lightly wounded.
The adder closely misses you.
Your bat hits the adder but does no damage.
The adder closely misses you.
Your rat barely misses the adder.
The adder barely misses you.
You scratch the adder.
The adder is moderately wounded.
Your bat hits the adder but does no damage.
The adder barely misses you. The adder closely misses you.
Your rat misses the adder. You miss the adder.
The adder is moderately wounded.
The adder bites you. The adder barely misses you. x2
Your bat hits the adder but does no damage.
Your rat closely misses the adder.
You miss the adder.
The adder is moderately wounded.
The adder bites you but does no damage. The adder bites you.
* * * LOW HITPOINT WARNING * * *
Your rat misses the adder.
Your bat barely misses the adder.
Okay, then.
It was a potion of curing.
You feel better.
Your bat closely misses the adder.
The adder bites you.
Your rat completely misses the adder.
The adder bites you.
You scratch the adder but do no damage.
Your bat hits the adder but does no damage.
The adder bites your bat.
Your rat barely misses the adder.
The adder closely misses you.
You scratch the adder but do no damage. Your claw misses the adder.
Your bite misses the adder. Your bat hits the adder. The adder bites you.
You are lethally poisoned!
The adder poisons you!
Your rat bites the adder.
You miss the adder.
* * * LOW HITPOINT WARNING * * *
You feel sick.
Your bat barely misses the adder.
The adder bites you.
You die...

###.#.....#####
#.....^......
#######....†...####
.>.............#
.####...##....# K.
#....+....+
..).#...##....#
#.....#######
##..bSS@..#
##.r.###.# .......#
# #####..# #..#
#..# #..# #.$


You could see 2 adders, a friendly bat (summoned) and a friendly rat (summoned).

Vanquished Creatures
  A dart slug (D:1)
  An endoplasm (D:1)
  A goblin (D:1)
  2 hobgoblins (D:1)
  A kobold (D:1)
  A quokka (D:1)
  A ball python (D:1)
  A bat (D:2)
  2 rats
11 creatures vanquished.

Notes
Turn   | Place    | Note
-------+----------+-------------------------------------------
     0 | D:1      | monsoonserge the Felid Summoner began the quest for the
                  | Orb.
     0 | D:1      | Reached XP level 1. HP: 7/7 MP: 4/4
   477 | D:1      | Reached XP level 2. HP: 11/11 MP: 6/6
   940 | D:2      | Slain by an adder

Illustrated notes

Levels and vault maps discovered:
D:1:      dpeg_arrival_round_a, layout_basic
D:2:      layout_basic, ebering_ecumenical_altar_sacrificial,
          uniq_crazy_yiuf_cottage

Action                     || total
---------------------------++-------
  Melee: Unarmed           ||    38
   Cast: Summon Small Mamm ||     3
    Use: Potion            ||     1
   Stab: Sleeping          ||     4
 Armour: Skin              ||     3
  Dodge: Dodged            ||    29
